cohdb
Replays
Latest Replays
All Replays
Popular Replays
Top Player Replays
Match Explorer
How It Works
Community
CoH3 Stats
Reddit
Sign in to upload your games and track your stats! →
Sign in with Steam
Match 47137005
Unlisted
Match 47137005
Overview
Messages
Build Orders
End
Construct Infanterie Kompanie
Selects Mechanized Battlegroup
MG 42 Machine Gun Team
MG 42 Machine Gun Team
Grenadier Squad
GrW 34 Mortar Team
Medical Station
Construct Panzergrenadier Kompanie
Selects Spotting Scopes
Grenadier Squad
Pak 40 Anti-tank Gun Team
Support Elements
MG 42 Bunker
Selects Wespe Self-propelled Artillery
StuG III G Assault Gun
StuG III G Assault Gun
StuG III G Assault Gun
Wespe Self-propelled Artillery
Panzergrenadier Squad
Selects Zeroing Artillery Barrage
Wespe Self-propelled Artillery
Pioneer Squad
Panzergrenadier Squad
Zeroing Artillery Barrage
Selects Raid Package
Panzergrenadier Officer Quarters
Repair Bunker
Smeebo
Thicc Bib Fortuna
0 Honour
LeeroyHeloł
Bran
DrewP
Dillbro
Truax
0
0
Comments
sign in to comment!
No comments posted yet!